 Dungeon Crawl Stone Soup version 0.26.1-2-gb8aa6d0cf2 (webtiles) character file.

Game seed: 16561714701723407879

34401 Ladykiller69 the Grappler (level 13, -11/121 (133) HPs)
             Began as a Troll Hunter on Feb 9, 2021.
             Was a Follower of Uskayaw.
             Mangled by an orc knight
             ... wielding a +0 battleaxe
              (37 damage)
             ... while paralysed by an orc sorcerer
             ... on level 2 of the Orcish Mines on Feb 13, 2021.
             The game lasted 01:17:42 (17885 turns).

Ladykiller69 the Grappler (Troll Hunter)           Turns: 17885, Time: 01:17:42

HP:   -11/121 (133) AC: 10    Str: 24    XL:     13   Next: 42%
MP:   18/18         EV:  1    Int:  7    God:    Uskayaw [*.....]
Gold: 1271          SH:  0    Dex: 13    Spells: 12/12 levels left

rFire    + . .     SeeInvis .     - Unarmed
rCold    x . .     Faith    .   (no shield)
rNeg     . . .     Spirit   .   Z - +0 troll leather armour
rPois    .         Reflect  .   (helmet restricted)
rElec    .         Harm     .   p - +1 cloak
rCorr    .         Rampage  .   (gloves unavailable)
Will     .....                  (boots unavailable)
Stlth    +.........             O - amulet of regeneration
HPRegen  1.50/turn              w - ring of fire
MPRegen  0.16/turn              H - +4 ring of evasion

@: paralysed, studying Fighting, drained
A: large, unfitting armour, claws 3, regeneration 1, shaggy fur 1, tough skin 3
a: Renounce Religion, Stomp


You were on level 2 of the Orcish Mines.
You worshipped Uskayaw.
Uskayaw was aware of your devotion.
You visited 3 branches of the dungeon, and saw 17 of its levels.
You visited 1 bazaar.
You also visited: Sewer and Bailey.

You collected 1522 gold pieces.
You spent 251 gold pieces at shops.

Inventory:

Hand Weapons
 M - a +1 antimagic executioner's axe
 U - the +2 war axe of the Fray {vorpal, rN++ Int+3, unknown}
   (You found it on level 11 of the Dungeon)

   It inflicts extra damage upon your enemies.
   It affects your intelligence (+3).
   It greatly protects you from negative energy.
Missiles
 a - 6 boomerangs
 c - 20 large rocks
 d - 3 throwing nets
 f - 520 stones
 y - 25 javelins (quivered)
Armour
 p - a +1 cloak (worn)
 Z - a +0 troll leather armour (worn)
Jewellery
 n - an uncursed amulet of the acrobat
 w - a ring of fire (left claw)
 H - a +4 ring of evasion (right claw)
 O - an amulet of regeneration (around neck)
Wands
 j - a wand of disintegration (24)
 v - a wand of iceblast (5)
 z - a wand of enslavement (8)
 G - a wand of polymorph (7)
 R - a wand of digging (5)
 X - a wand of random effects (15)
 Y - a wand of flame (17)
Scrolls
 b - a scroll of vulnerability {unknown}
 e - 18 scrolls of identify
 h - a scroll of immolation
 i - 4 scrolls of enchant armour
 o - 2 scrolls of fog
 q - 10 scrolls of teleportation
 t - 3 scrolls of magic mapping
 u - 5 scrolls of remove curse
 C - a scroll of noise {unknown}
 I - a scroll of summoning {unknown}
 J - 2 scrolls of amnesia {unknown}
 K - a scroll of torment {unknown}
 P - a scroll of enchant weapon
 Q - a scroll of acquirement {unknown}
 S - a scroll of random uselessness {unknown}
 V - a scroll of brand weapon {unknown}
 W - a scroll of fear
Potions
 g - 3 potions of degeneration {unknown}
 k - 3 potions of might {unknown}
 l - 3 potions of lignification {unknown}
 m - 4 potions of invisibility {unknown}
 r - 2 potions of magic {unknown}
 s - 4 potions of berserk rage {unknown}
 x - 3 potions of resistance {unknown}
 A - 8 potions of curing
 B - 3 potions of heal wounds {unknown}
 D - a potion of attraction {unknown}
 E - a potion of flight {unknown}
 F - a potion of mutation {unknown}
 N - a potion of brilliance {unknown}
 T - 3 potions of haste {unknown}
Books
 L - a manual of Fighting


   Skills:
 + Level 10.1 Fighting
 + Level 9.6 Throwing
 + Level 8.4 Dodging
 - Level 0.3 Stealth
 * Level 13.2 Unarmed Combat
 + Level 8.6 Invocations


You had 12 spell levels left.
You didn't know any spells.
Your spell library contained the following spells:

 Spells                   Type           Power        Failure   Level
 Beastly Appendage        Tmut           0%           47%         1
 Freeze                   Ice            0%           47%         1
 Sting                    Tmut/Pois      0%           47%         1
 Summon Small Mammal      Summ           0%           47%         1
 Call Imp                 Summ           0%           63%         2
 Poisonous Vapours        Pois/Air       0%           63%         2
 Wereblood                Tmut           0%           63%         2
 Call Canine Familiar     Summ           0%           85%         3
 Frozen Ramparts          Ice            0%           85%         3
 Ignite Poison            Fire/Tmut/Pois 0%           85%         3
 Mephitic Cloud           Conj/Pois/Air  0%           85%         3
 Ozocubu's Armour         Ice            0%           85%         3
 Spider Form              Tmut/Pois      0%           85%         3
 Summon Guardian Golem    Hex/Summ       0%           85%         3
 Hailstorm                Conj/Ice       0%           99%         4
 Ice Form                 Ice/Tmut       0%           99%         4
 Olgreb's Toxic Radiance  Pois           0%           99%         4
 Summon Ice Beast         Ice/Summ       0%           99%         4
 Summon Lightning Spire   Summ/Air       0%           99%         4
 Blade Hands              Tmut           0%           100%        5


Dungeon Overview and Level Annotations

Branches:
Dungeon (14/15)            Temple (0/1) D:6            Lair (1/6) D:8
    Orc (2/2) D:10         Vaults (0/5) D:13          Sewer (visited)
 Bailey (visited)
    Elf: Orc:2

Altars:
Ashenzari
Dithmenos
Hepliaklqana
Kikubaaqudgha
Makhleb
Qazlal
Uskayaw
Yredelemnul
Zin

Shops:
D:5 ?   D:8 =   D:12 *

Annotations:
D:11 Fannar
D:14 Jorgrun


Innate Abilities, Weirdness & Mutations

You are too large for most types of armour.
You have claws for hands.
Your natural rate of healing is unusually fast.
You are covered in fur. (AC +1)
You have extremely tough skin. (AC +3)


Message History

The orc barely misses you. The orc sorcerer casts a spell at you.
You suddenly lose the ability to move!
The orc knight hits you with a +0 battleaxe!!
The orc knight roars a battlecry!
The orcs go into a battle-frenzy!
The orc priest hits you but does no damage.
The orc hits you with a +0 morningstar. The orc hits you but does no damage.
The orc hits you with a +0 mace.
The orc sorcerer hits you but does no damage.
The orc sorcerer gestures at you while chanting.
The bolt of negative energy hits the chaos spawn.
The chaos spawn completely resists.
The bolt of negative energy hits you!!
You feel drained.
* * * LOW HITPOINT WARNING * * *
The bolt of negative energy hits the orc priest!!
The orc priest is drained!
The orc priest dies!
The orc knight hits you with a +0 battleaxe!!!
You die...

########### ##
....o)....## ##.##
...o){.oo..## ##o..#
..o######.4.###ooo#
........##o.##.o@)##
.........##..##4o..#
####o..o..#..o.#..###.
.{o4..#.......#..
#..o..#...........
#....#.......#.###
.#..#.......##..##
#......#.....#
#.....#......#


You could see 2 orc knights, a chaos spawn (summoned), 2 orc sorcerers and 3
orcs.

Vanquished Creatures
  An orc warlord (D:10)
  Erolcha (Orc:2)
  Harold (D:7)
  A hydra (D:13)
  2 boulder beetles
  A catoblepas (D:13)
  A centaur warrior (D:13)
  An ogre mage (D:13)
  5 two-headed ogres (D:13)
  3 unseen horrors
  An orc knight (D:13)
  An orc sorcerer (Orc:2)
  2 ugly things (D:11)
  2 cyclopes
  7 centaur zombies
  A gargoyle (D:11)
  A kobold demonologist (D:13)
  A komodo dragon (D:8)
  2 efreet
  3 trolls
  A hornet (D:14)
  15 slime creatures
  3 wyverns
  2 wraiths
  11 yaks
  A shadow (D:14)
  A vampire (D:14)
  A basilisk (D:12)
  Eustachio (D:4)
  A swamp worm (D:9)
  A swamp worm (shapeshifter) (D:13)
  An acid dragon (D:14)
  2 water moccasins
  An ice beast (D:9)
  22 orc warriors
  4 eyes of draining
  A black bear (D:12)
  4 sky beasts
  A necrophage (D:7)
  9 ogres
  3 phantoms
  22 centaurs
  4 big kobolds
  17 bullfrogs
  2 wyvern zombies
  6 scorpions
  12 wights
  2 howler monkeys (D:14)
  3 bullfrog zombies
  2 quasits
  5 hounds
  5 human zombies (D:7)
  3 jellies
  11 orc priests
  2 human skeletons (D:7)
  Crazy Yiuf (D:6)
  2 centaur skeletons
  25 orc wizards
  8 iguanas
  9 worker ants
  An ogre skeleton (D:7)
  A hound skeleton (D:5)
  A mummy (D:7)
  3 gnolls (D:2)
  16 adders
  2 shadow imps
  5 white imps
  3 ufetubi
  6 oozes
  An adder skeleton (D:6)
  5 worms
  3 dart slugs
  5 leopard geckos
  89 orcs
  13 bats
  8 giant cockroaches
  6 goblins
  7 hobgoblins
  19 jackals
  17 kobolds
  6 quokkas
  3 ball pythons
  A frilled lizard (D:2)
  An orc zombie (D:7)
  7 rats
494 creatures vanquished.

Vanquished Creatures (others)
  An orc priest (Orc:2)
  4 plants
5 creatures vanquished.

Grand Total: 499 creatures vanquished

Notes
Turn   | Place    | Note
-------+----------+-------------------------------------------
     0 | D:1      | Ladykiller69 the Troll Hunter began the quest for the Orb.
     0 | D:1      | Reached XP level 1. HP: 19/19 MP: 0/0
   366 | D:1      | Reached skill level 1 in Unarmed Combat
   366 | D:1      | Reached XP level 2. HP: 28/28 MP: 1/1
  1076 | D:2      | Reached XP level 3. HP: 35/35 MP: 2/2
  1272 | D:2      | Found a hazy altar of Hepliaklqana.
  1293 | D:2      | Found a hide-covered altar of Uskayaw.
  1358 | D:2      | Became a worshipper of Uskayaw the Reveller
  1376 | D:2      | Reached * piety under Uskayaw
  1381 | D:2      | Reached ** piety under Uskayaw
  1382 | D:2      | Reached skill level 2 in Unarmed Combat
  1384 | D:2      | Reached *** piety under Uskayaw
  1386 | D:2      | Reached XP level 4. HP: 21/42 MP: 3/3
  1390 | D:2      | Reached **** piety under Uskayaw
  1970 | D:3      | Reached ***** piety under Uskayaw
  1971 | D:3      | Reached XP level 5. HP: 49/49 MP: 4/4
  1990 | D:3      | Found a shadowy altar of Dithmenos.
  2592 | D:4      | Found an ancient bone altar of Kikubaaqudgha.
  2659 | D:4      | Noticed Eustachio
  2682 | D:4      | Killed Eustachio
  2683 | D:4      | Reached skill level 3 in Unarmed Combat
  2683 | D:4      | Reached skill level 1 in Invocations
  2683 | D:4      | Reached XP level 6. HP: 40/59 MP: 4/6
  3183 | D:5      | Entered Level 5 of the Dungeon
  3246 | D:5      | Reached skill level 4 in Unarmed Combat
  3292 | D:5      | Found an ancient bone altar of Kikubaaqudgha.
  3305 | D:5      | Found a basalt altar of Yredelemnul.
  3319 | D:5      | Found Buur Ony's Magic Scroll Emporium.
  3385 | D:5      | Reached XP level 7. HP: 67/67 MP: 7/7
  3810 | D:5      | Reached skill level 5 in Unarmed Combat
  3937 | D:6      | Found a staircase to the Ecumenical Temple.
  4100 | D:6      | Reached skill level 5 in Throwing
  4169 | D:6      | Reached XP level 8. HP: 67/75 MP: 7/9
  4319 | D:6      | Found a glowing drain.
  4364 | D:6      | Reached skill level 6 in Unarmed Combat
  4370 | Sewer    | Entered a sewer
  5484 | D:6      | Found a runed translucent door.
  5485 | D:6      | Noticed Crazy Yiuf
  5492 | D:6      | Killed Crazy Yiuf
  5902 | D:7      | Found a broken altar of Ashenzari.
  5985 | D:7      | Reached XP level 9. HP: 77/84 MP: 10/10
  6003 | D:7      | Noticed Harold
  6031 | D:7      | Killed Harold
  6032 | D:7      | Reached skill level 7 in Unarmed Combat
  6859 | D:7      | Found an ancient bone altar of Kikubaaqudgha.
  6871 | D:7      | Reached skill level 5 in Dodging
  6942 | D:7      | Reached skill level 8 in Unarmed Combat
  7052 | D:8      | Found Daywoy's Jewellery Emporium.
  7247 | D:8      | Reached skill level 5 in Fighting
  7354 | D:8      | Found a burning altar of Makhleb.
  7363 | D:8      | Noticed an Executioner
  7365 | D:8      | Found a glowing silver altar of Zin.
  7366 | D:8      | Noticed an angel
  7418 | D:8      | Reached XP level 10. HP: 96/96 MP: 12/12
  7459 | D:8      | Reached skill level 5 in Invocations
  7518 | D:8      | Found a staircase to the Lair.
  7940 | Lair:1   | Entered Level 1 of the Lair of Beasts
  7944 | Lair:1   | Noticed a seven-headed hydra
  8063 | D:9      | Found a flagged portal.
  8075 | Bailey   | Entered a bailey
  8286 | Bailey   | Reached skill level 9 in Unarmed Combat
 10384 | D:10     | Entered Level 10 of the Dungeon
 10573 | D:10     | Found a staircase to the Orcish Mines.
 10609 | D:10     | Reached XP level 11. HP: 95/105 MP: 14/14
 10727 | D:10     | Reached skill level 10 in Unarmed Combat
 11417 | D:11     | Noticed a brown ugly thing
 11444 | D:11     | Noticed a brown ugly thing
 11519 | D:11     | Noticed a boulder beetle
 11531 | D:11     | Killed a boulder beetle
 11689 | D:11     | Killed a brown ugly thing
 12150 | D:11     | Noticed Fannar
 12218 | D:11     | Got a steaming war axe
 12274 | D:11     | Killed a brown ugly thing
 12712 | D:12     | Found Cdwoa's Commerce Corner.
 12726 | D:12     | Killed an unseen horror
 12794 | D:12     | Reached skill level 11 in Unarmed Combat
 12851 | D:12     | Bought a potion of curing for 54 gold pieces
 13490 | Orc:1    | Entered Level 1 of the Orcish Mines
 13490 | Orc:1    | Noticed an orc warlord
 13708 | D:12     | Found a flickering gateway to a bazaar.
 13864 | Bazaar   | Entered a bazaar
 13878 | Bazaar   | Found Feproi Tionk's Magic Scroll Shoppe.
 13878 | Bazaar   | Found Ocirph's Gadget Emporium.
 13900 | Bazaar   | Found Biuqe's Antique Weapon Emporium.
 13921 | Bazaar   | Found Poiri's Antique Armour Shoppe.
 13921 | Bazaar   | Found Mojumn's Book Emporium.
 14003 | Bazaar   | Bought a scroll of remove curse for 33 gold pieces
 14003 | Bazaar   | Bought a scroll of identify for 22 gold pieces
 14003 | Bazaar   | Bought a scroll of identify for 22 gold pieces
 14003 | Bazaar   | Bought a scroll of identify for 22 gold pieces
 14003 | Bazaar   | Bought a scroll of identify for 22 gold pieces
 14003 | Bazaar   | Bought a scroll of fear for 38 gold pieces
 14053 | Bazaar   | Bought a scroll of magic mapping for 38 gold pieces
 14218 | D:12     | Reached XP level 12. HP: 110/119 MP: 16/16
 14727 | D:13     | Noticed a two-headed ogre
 14727 | D:13     | Noticed an eight-headed hydra
 14749 | D:13     | Noticed a two-headed ogre
 14755 | D:13     | Killed a two-headed ogre
 14804 | D:13     | Killed an eight-headed hydra
 14818 | D:13     | Killed a two-headed ogre
 14983 | D:13     | Reached skill level 12 in Unarmed Combat
 15046 | D:13     | Noticed a two-headed ogre
 15048 | D:13     | Noticed a two-headed ogre
 15057 | D:13     | Killed a two-headed ogre
 15067 | D:13     | Killed a two-headed ogre
 15090 | D:13     | Noticed an ogre mage
 15090 | D:13     | Noticed a centaur warrior
 15094 | D:13     | Killed an ogre mage
 15435 | D:13     | Killed a centaur warrior
 15607 | D:13     | Found a gate to the Vaults.
 15636 | D:13     | Noticed a two-headed ogre
 15636 | D:13     | Noticed a catoblepas
 15779 | D:13     | Killed a catoblepas
 15893 | D:13     | Killed a two-headed ogre
 15894 | D:13     | Reached XP level 13. HP: 90/131 MP: 18/18
 16534 | D:14     | Found a stormy altar of Qazlal.
 16871 | D:14     | Noticed Jorgrun
 17367 | D:10     | Killed an orc warlord
 17368 | D:10     | Reached skill level 13 in Unarmed Combat
 17431 | Orc:1    | Reached skill level 10 in Fighting
 17712 | Orc:2    | Entered Level 2 of the Orcish Mines
 17753 | Orc:2    | Noticed Erolcha
 17770 | Orc:2    | Killed Erolcha
 17864 | Orc:2    | Paralysed by an orc sorcerer for 6 turns
 17883 | Orc:2    | Paralysed by an orc sorcerer for 3 turns
 17885 | Orc:2    | Mangled by an orc knight

Illustrated notes

Levels and vault maps discovered:
D:1:      dpeg_arrival_castle, layout_basic
D:2:      layout_loops_ring, amethyst_overflow_temple_binary,
          minmay_misc_feat_encased, kennysheep_boxes
D:3:      layout_loops_ring, old_standard_altar
D:4:      layout_cave_pools, kiku_gazebo_pond_becter, uniq_eustachio
D:5:      layout_loops_ring, lemuel_doored_altar, serial_shops, shop,
          basic_altar
D:6:      layout_layer_cave, minmay_temple_entry_tees, gup_sewer_entry_glass,
          uniq_crazy_yiuf_cottage
D:7:      layout_loops_cross, nicolae_overflow_crystal_walls,
          minmay_misc_feat_nine_boxes, lemuel_mausoleum_altar_kikubaaqudgha,
          uniq_harold
D:8:      layout_basic, grunt_temple_overflow_order_and_chaos_2,
          david_lair_shrubbed, serial_shops, nicolae_shop_crystal
D:9:      layout_irregular_city, enter_bailey_3, worms_lemuel
D:10:     layout_roguey, orc_0_dummy
D:11:     layout_long_grid, uniq_fannar
D:12:     layout_rooms, serial_shops, bzr_entry_lakeside, nicolae_alphabet_shops
D:13:     layout_roguey, hangedman_vaults_entry_quadrant_bands
D:14:     layout_roguey, nicolae_qazlal_style_of_elements, uniq_jorgrun
Lair:1:   layout_chaotic_city, grunt_megastairs_4
Orc:1:    layout_caves
Orc:2:    st_orc_mages, layout_caves, uniq_erolcha

Skill      XL: |  1  2  3  4  5  6  7  8  9 10 11 12 13 |
---------------+----------------------------------------+-----
Unarmed Combat | 1 2 3 4 5 6 8 9 11 12 13 | 13.2
Fighting       | 2 3 4 5 6 8 9 10 | 10.1
Dodging        | 2 3 4 5 6 7 8 |  8.4
Throwing       | 4 5 6 7 8 9 |  9.6
Invocations    | 1 2 3 4 6 7 8 |  8.6
Stealth        | |  0.3

Action                   |  1- 3 |  4- 6 |  7- 9 | 10-12 | 13-15 || total
-------------------------+-------+-------+-------+-------+-------++-------
Melee: Unarmed           |    69 |   108 |   296 |   690 |   208 ||  1371
       Short sword       |     6 |       |       |       |       ||     6
       Punch             |       |     1 |     6 |    41 |    15 ||    63
Throw: Stone             |    54 |    81 |    16 |   478 |    10 ||   639
       Boomerang         |       |       |    74 |       |       ||    74
       Large rock        |       |       |     8 |    13 |       ||    21
       Javelin           |       |       |     8 |    88 |     2 ||    98
       Throwing net      |       |       |     1 |     2 |       ||     3
Invok: Stomp             |       |       |     3 |     1 |       ||     4
Evoke: Wand              |       |       |     2 |       |       ||     2
  Use: Scroll            |       |       |     6 |     1 |       ||     7
 Stab: Paralysed         |     1 |     2 |     9 |    30 |    16 ||    58
       Sleeping          |       |       |     1 |       |       ||     1
       Held in net/web   |       |       |     2 |       |       ||     2
Armor: Robe              |    38 |    54 |    85 |   130 |       ||   307
       Troll leather arm |       |       |       |    31 |    40 ||    71
Dodge: Dodged            |    33 |    70 |   155 |   435 |   139 ||   832
